 Dungeon Crawl Stone Soup version 0.19.1 (webtiles) character file.

1434 Firecrotchwizard the Basher (level 8, 0/74 HPs)
             Began as a Minotaur Berserker on Nov 26, 2016.
             Was an Elder of Trog.
             Slain by Firecrotchwizard's ghost (4 damage)
             ... on level 7 of the Dungeon.
             The game lasted 00:14:54 (4944 turns).

Firecrotchwizard the Basher (Minotaur Berserker)    Turns: 4944, Time: 00:14:54

Health: 0/74       AC: 15    Str: 22    XL:     8   Next: 45%
Magic:  7/7        EV:  7    Int:  4    God:    Trog [****..]
Gold:   233        SH:  9    Dex: 12    Spells: 0 memorised, 7 levels left

rFire  . . .     SeeInvis .     a - +1 mace
rCold  . . .     Gourm    .     t - +1 chain mail
rNeg   . . .     Faith    .     l - +0 shield
rPois  .         Spirit   .     (helmet restricted)
rElec  .         Reflect  .     s - +2 cloak
rCorr  .         Harm     .     b - +0 pair of gloves
MR     .....                    (no boots)
Stlth  ..........               (no amulet)
                                (no ring)
                                (no ring)

@: no status effects
A: retaliatory headbutt, horns 2
a: Berserk, Trog's Hand, Brothers in Arms, Burn Spellbooks, Renounce Religion


You were on level 7 of the Dungeon.
You worshipped Trog.
Trog was greatly pleased with you.
You were hungry.

You visited 1 branch of the dungeon, and saw 7 of its levels.

You collected 233 gold pieces.

Inventory:

Hand Weapons
 a - a +1 mace (weapon)
 n - a +0 flail
Missiles
 w - 3 javelins of returning (quivered)
Armour
 b - a +0 pair of gloves (worn)
 l - a +0 shield (worn)
 s - a +2 cloak (worn)
 t - a +1 chain mail (worn)
Jewellery
 r - an uncursed ring of see invisible {unknown}
Wands
 o - a wand of digging (15/24)
 u - a wand of polymorph (11/24)
Scrolls
 f - 4 scrolls of identify
 h - a scroll of enchant weapon
 q - a scroll of recharging
 v - 2 scrolls of remove curse
Potions
 e - a potion of heal wounds
 g - a potion of lignification {unknown}
 i - a potion of beneficial mutation {unknown}
 j - a potion of cancellation {unknown}
 k - a potion of haste {unknown}
 m - a potion of degeneration {unknown}
 p - 5 potions of curing
Comestibles
 c - 7 bread rations
 d - a fruit


   Skills:
 * Level 8.1 Fighting
 * Level 8.4 Maces & Flails
 + Level 5.0 Armour
 + Level 4.8 Dodging
 + Level 2.1 Shields


You had 7 spell levels left.
You didn't know any spells.

Dungeon Overview and Level Annotations

Branches:
Dungeon (7/15)             Temple (0/1) D:5

Altars:
Cheibriados
Xom
Zin

Annotations:
D:7 Firecrotchwizard's ghost, novice GrFi


Innate Abilities, Weirdness & Mutations

You reflexively headbutt those who attack you in melee.
You have a pair of horns on your head.


Message History

You hit Firecrotchwizard's ghost but do no damage.
You headbutt Firecrotchwizard's ghost, but do no damage.
Firecrotchwizard's ghost is severely damaged.
You block Firecrotchwizard's ghost's attack.
You hit Firecrotchwizard's ghost but do no damage.
Firecrotchwizard's ghost is severely damaged.
You feel less exhausted. Firecrotchwizard's ghost hits you.
* * * LOW HITPOINT WARNING * * *
Firecrotchwizard's ghost burns you.
* * * LOW HITPOINT WARNING * * *
You hit Firecrotchwizard's ghost but do no damage.
You headbutt Firecrotchwizard's ghost, but do no damage.
Firecrotchwizard's ghost is severely damaged.
Firecrotchwizard's ghost hits you but does no damage.
Unknown command.
You feel better. Firecrotchwizard's ghost hits you!
* * * LOW HITPOINT WARNING * * *
Firecrotchwizard's ghost burns you.
You die...

##########..#
#...........#.
#..............
#..............#
.#####...............
.....#............=.#
#......W.........#
#..<..@†........#
#...............#
#...............#
#.........######
#.........#
##.......##
#.........#
#.........#
#.........#


You could see Firecrotchwizard's ghost.

Vanquished Creatures
  A phantom (D:4)
  2 sky beasts
  A necrophage (D:6)
  2 ogres (D:6)
  A centaur (D:6)
  A bullfrog (D:6)
  3 scorpions
  A crimson imp (D:6)
  2 hounds (D:4)
  2 orc priests
  A bullfrog skeleton (D:6)
  2 jellies (D:5)
  Crazy Yiuf (D:2)
  Jessica (D:2)
  An iguana (D:4)
  4 worker ants
  2 orc wizards (D:5)
  A worker ant zombie (D:5)
  Robin (D:2)
  4 adders
  An adder skeleton (D:4)
  A worm (D:4)
  A dart slug (D:1)
  4 leopard geckos
  5 orcs
  2 giant cockroaches
  9 hobgoblins
  9 jackals
  2 quokkas
  2 ball pythons
  7 bats
  4 frilled lizards
  16 goblins
  8 kobolds
  2 leopard gecko skeletons (D:4)
  7 rats
114 creatures vanquished.

Notes
Turn   | Place    | Note
-------+----------+-------------------------------------------
     0 | D:1      | Firecrotchwizard the Minotaur Berserker began the quest for the Orb.
     0 | D:1      | Reached XP level 1. HP: 19/19 MP: 0/0
   192 | D:1      | Reached XP level 2. HP: 27/27 MP: 1/1
   313 | D:1      | Found a snail-covered altar of Cheibriados.
   686 | D:1      | Reached ** piety under Trog
   785 | D:2      | Noticed Jessica
   787 | D:2      | Reached XP level 3. HP: 34/34 MP: 2/2
   789 | D:2      | Killed Jessica
   889 | D:2      | Reached XP level 4. HP: 31/41 MP: 3/3
   979 | D:2      | Noticed Robin
   980 | D:2      | Reached skill level 5 in Fighting
   991 | D:2      | Killed Robin
  1429 | D:2      | Reached *** piety under Trog
  1529 | D:2      | Found a runed door.
  1533 | D:2      | Noticed Crazy Yiuf
  1539 | D:2      | Killed Crazy Yiuf
  1539 | D:2      | Reached skill level 5 in Maces & Flails
  1539 | D:2      | Reached XP level 5. HP: 34/48 MP: 4/4
  2962 | D:4      | Reached XP level 6. HP: 54/57 MP: 5/5
  3548 | D:5      | Entered Level 5 of the Dungeon
  3565 | D:5      | Noticed a sky beast
  3571 | D:5      | Reached XP level 7. HP: 49/64 MP: 6/6
  3589 | D:5      | Noticed an angel
  3589 | D:5      | Found a shimmering altar of Xom.
  3591 | D:5      | Found a glowing silver altar of Zin.
  3800 | D:5      | Found a staircase to the Ecumenical Temple.
  3800 | D:5      | You fall through a shaft!
  4081 | D:6      | Reached **** piety under Trog
  4081 | D:6      | Reached skill level 1 in Shields
  4081 | D:6      | Reached XP level 8. HP: 68/73 MP: 7/7
  4604 | D:6      | Reached skill level 5 in Armour
  4898 | D:7      | Noticed Firecrotchwizard's ghost (novice GrFi)
  4942 | D:7      | HP: 3/74 [Firecrotchwizard's ghost (3)]
  4942 | D:7      | HP: 1/74 [Firecrotchwizard's ghost (2)]
  4944 | D:7      | Slain by Firecrotchwizard's ghost

Skill      XL: |  1  2  3  4  5  6  7  8 |
---------------+-------------------------+-----
Fighting       | 4 5 6 7 8 |  8.1
Maces & Flails | 4 5 6 7 8 |  8.4
Armour         | 3 4 5 |  5.0
Dodging        | 3 4 |  4.8
Shields        | 1 2 |  2.1

Action                   |  1- 3 |  4- 6 |  7- 9 || total
-------------------------+-------+-------+-------++-------
Melee: Mace              |    46 |   149 |   121 ||   316
       Headbutt          |     5 |    27 |    32 ||    64
Invok: Berserk           |     1 |     2 |     2 ||     5
       Trog's Hand       |     1 |     1 |     1 ||     3
       Burn Spellbooks   |     1 |       |     1 ||     2
  Use: Scroll            |       |     9 |       ||     9
       Potion            |       |       |     1 ||     1
 Stab: Sleeping          |     1 |       |       ||     1
  Eat: Chunk             |     1 |     4 |     2 ||     7
       Beef jerky        |       |     1 |     1 ||     2
       Meat ration       |       |     1 |       ||     1
       Fruit             |       |       |     3 ||     3
Armor: Animal skin       |    11 |     9 |       ||    20
       Chain mail        |       |    63 |    60 ||   123
Dodge: Dodged            |    40 |    91 |    35 ||   166
Block: Shield            |       |       |    24 ||    24
